 Dungeon Crawl Stone Soup version 0.21.1-1-g345015f (webtiles) character file.

2055 prawnwizard the Cleaver (level 9, -1/79 HPs)
             Began as a Minotaur Berserker on June 30, 2018.
             Was an Elder of Trog.
             Slain by a gnoll
             ... wielding a +0 halberd
              (14 damage)
             ... in a bailey.
             The game lasted 00:24:36 (5844 turns).

prawnwizard the Cleaver (Minotaur Berserker)        Turns: 5844, Time: 00:24:37

Health: -1/79      AC: 12    Str: 24    XL:     9   Next: 5%
Magic:  8/8        EV: 11    Int:  4    God:    Trog [****..]
Gold:   424        SH:  0    Dex: 11    Spells: 8/8 levels left

rFire    + . .     SeeInvis +   k - +0 hand axe (elec)
rCold    x . .     Gourm    .   (no shield)
rNeg     . . .     Faith    .   C - +0 chain mail
rPois    .         Spirit   .   (helmet restricted)
rElec    .         Reflect  .   A - +0 cloak {MR+}
rCorr    .         Harm     +   (no gloves)
MR       +....                  r - +0 pair of boots
Stlth    ..........             E - amulet of harm
HPRegen  0.23/turn              z - ring of see invisible
MPRegen  0.11/turn              t - ring of fire

@: berserk cooldown, slowed, very slow
A: retaliatory headbutt, horns 2
a: Berserk, Trog's Hand, Brothers in Arms, Burn Spellbooks, Renounce Religion


You were in a bailey.
You worshipped Trog.
Trog was greatly pleased with you.
You were hungry.

You visited 1 branch of the dungeon, and saw 7 of its levels.
You also visited: Bailey.

You collected 424 gold pieces.

Inventory:

Hand Weapons
 k - a +0 hand axe of electrocution (weapon)
 x - a +0 war axe
 G - a -1 hand axe
Armour
 q - a +0 scale mail
 r - a +0 pair of boots (worn)
 A - a +0 cloak of magic resistance (worn)
 C - a +0 chain mail (worn)
Jewellery
 o - an uncursed ring of resist corrosion
 t - a ring of fire (right hand)
 z - a ring of see invisible (left hand)
 E - an amulet of harm (around neck)
Wands
 B - a wand of acid (7)
Scrolls
 e - 4 scrolls of teleportation
 f - 2 scrolls of remove curse
 n - 2 scrolls of fear
 p - 7 scrolls of identify
 s - 2 scrolls of blinking {unknown}
 u - 4 scrolls of amnesia {unknown}
 w - a scroll of random uselessness {unknown}
 y - a scroll of acquirement {unknown}
 D - 6 scrolls of enchant weapon {unknown}
 H - a scroll of fog {unknown}
 I - a scroll of magic mapping {unknown}
 J - a scroll of enchant armour {unknown}
Potions
 a - a potion of lignification {unknown}
 b - 3 potions of might
 g - a potion of flight {unknown}
 h - 2 potions of haste {unknown}
 i - 6 potions of curing
 j - a potion of heal wounds {unknown}
 l - 3 potions of degeneration {unknown}
 m - a potion of brilliance {unknown}
 v - a potion of agility {unknown}
 K - a potion of mutation {unknown}
 L - a potion of magic {unknown}
Books
 d - a book of Necromancy

   Spells                             Type                      Level
   a - Pain                           Necromancy                   1
   b - Animate Skeleton               Necromancy                   1
   c - Vampiric Draining              Necromancy                   3
   d - Regeneration                   Charms/Necromancy            3
   e - Animate Dead                   Necromancy                   4
   f - Borgnjor's Vile Clutch         Necromancy/Earth             5
   Trog disapproves of the use of such an item.
 F - a book of Cantrips

   Spells                             Type                      Level
   a - Confusing Touch                Hexes                        1
   b - Animate Skeleton               Necromancy                   1
   c - Summon Small Mammal            Summoning                    1
   d - Apportation                    Translocation                1
   Trog disapproves of the use of such an item.
Comestibles
 c - 13 rations


   Skills:
 + Level 7.4 Fighting
 * Level 10.1 Axes
 + Level 6.2 Armour
 + Level 5.9 Dodging


You had 8 spell levels left.
You didn't know any spells.

Dungeon Overview and Level Annotations

Branches:
Dungeon (7/15)             Temple (0/1) D:4

Altars:
Ashenzari
Elyvilon
Fedhas
Kikubaaqudgha
Makhleb
Nemelex Xobeh
Okawaru
Wu Jian
Yredelemnul
The Shining One

Shops:
D:5 !


Innate Abilities, Weirdness & Mutations

You reflexively headbutt those who attack you in melee.
You have a pair of horns on your head.


Message History

You hit the gnoll.
The gnoll is heavily wounded.
The gnoll barely misses you. The gnoll hits you but does no damage.
You hit the gnoll.
You kill the gnoll!
Trog accepts your kill. The gnoll hits you but does no damage.
The gnoll closely misses you. The gnoll hits you but does no damage.
The gnoll barely misses you.
There is an open door here.
The gnoll closely misses you. The gnoll misses you.
The gnoll hits you with a halberd.
* * * LOW HITPOINT WARNING * * *
There is an open door here.
Your chain mail prevents you from hitting the gnoll.
You hit the gnoll. The gnoll hits you with a halberd.
* * * LOW HITPOINT WARNING * * *
The gnoll hits you with a halberd!
You die...

##### ### ##
##(g)###.# #.#
#!###(##'##'#
#.gKg.## ##.....#
#..... ###.....###
.'..⌠.. #.'..⌠..'.#
##..... ###(....###
#..... #..gg.##
#'##'##g# #'##@##'##
.# #. #g#.# #.###.#
### ### #### ### #'#
#.###.###)#.# #.###.#
##'##'##'###'##'##'##
##((...## #.....##
###.....#####.....###
#.(..∩..'.#.'..)..'.#
###(....#####.....###


You could see 2 gnolls.

Vanquished Creatures
  An orc knight (Bailey)
  Menkaure (D:6)
  Edmund (D:4)
  An ice beast (D:7)
  A centaur (D:5)
  2 ogres
  Blork the orc (D:5)
  A bullfrog (D:6)
  A scorpion (D:6)
  A bullfrog zombie (D:5)
  A howler monkey (D:6)
  2 crimson imps
  A centaur zombie (D:6)
  Crazy Yiuf (D:4)
  A hound (D:4)
  An orc priest (D:5)
  An orc wizard (D:5)
  Ijyb (D:4)
  4 worker ants
  A hound zombie (D:5)
  A worker ant zombie (D:5)
  9 adders
  18 gnolls
  2 howler monkey skeletons
  A shadow imp (D:5)
  An ooze (D:4)
  4 adder zombies
  5 worms
  A dart slug (D:3)
  6 leopard geckos
  10 orcs
  6 giant cockroaches
  7 goblins
  18 hobgoblins
  17 jackals
  3 quokkas
  2 ball pythons
  4 bats
  5 frilled lizards
  A jackal skeleton (D:6)
  19 kobolds
  2 quokka zombies
  7 rats
174 creatures vanquished.

Vanquished Creatures (others)
  A giant cockroach (D:4)
1 creature vanquished.

Grand Total: 175 creatures vanquished

Notes
Turn   | Place    | Note
-------+----------+-------------------------------------------
     0 | D:1      | prawnwizard the Minotaur Berserker began the quest for the Orb.
     0 | D:1      | Reached XP level 1. HP: 19/19 MP: 0/0
    76 | D:1      | Reached skill level 4 in Axes
    95 | D:1      | Reached XP level 2. HP: 16/27 MP: 1/1
   359 | D:1      | Reached XP level 3. HP: 25/33 MP: 2/2
   660 | D:1      | Reached ** piety under Trog
   813 | D:2      | Reached skill level 5 in Axes
   940 | D:2      | Reached XP level 4. HP: 37/41 MP: 3/3
  1979 | D:3      | Reached XP level 5. HP: 45/47 MP: 4/4
  2267 | D:4      | Found a glowing golden altar of the Shining One.
  2269 | D:4      | Noticed an angel
  2292 | D:4      | Reached skill level 6 in Axes
  2316 | D:4      | Found an ancient bone altar of Kikubaaqudgha.
  2317 | D:4      | Noticed Ijyb
  2329 | D:4      | Killed Ijyb
  2350 | D:4      | Found an ornate altar of the Wu Jian Council.
  2422 | D:4      | Noticed an ogre
  2429 | D:4      | Killed an ogre
  2429 | D:4      | Reached skill level 5 in Fighting
  2429 | D:4      | Reached XP level 6. HP: 16/56 MP: 5/5
  2440 | D:4      | Found a staircase to the Ecumenical Temple.
  2510 | D:4      | Reached *** piety under Trog
  2603 | D:4      | Found a runed door.
  2830 | D:4      | Noticed Crazy Yiuf
  2834 | D:4      | Killed Crazy Yiuf
  3091 | D:4      | Found a basalt altar of Yredelemnul.
  3117 | D:4      | Reached skill level 7 in Axes
  3157 | D:4      | Noticed Edmund
  3171 | D:4      | Killed Edmund
  3171 | D:4      | Reached XP level 7. HP: 41/61 MP: 6/6
  3212 | D:4      | Noticed a profane servitor
  3307 | D:5      | Entered Level 5 of the Dungeon
  3342 | D:5      | Noticed Blork the orc
  3355 | D:5      | Killed Blork the orc
  3457 | D:5      | Reached skill level 8 in Axes
  3486 | D:5      | Found a sparkling altar of Nemelex Xobeh.
  3551 | D:5      | Found Dowedgh's Distillery.
  3750 | D:5      | Reached **** piety under Trog
  3815 | D:5      | Found a shattered altar of Ashenzari.
  4098 | D:5      | Found a blossoming altar of Fedhas.
  4157 | D:5      | Reached XP level 8. HP: 63/71 MP: 7/7
  4300 | D:6      | Reached skill level 5 in Armour
  4389 | D:6      | Found a burning altar of Makhleb.
  4434 | D:6      | Found a white marble altar of Elyvilon.
  4789 | D:6      | Noticed Menkaure
  4792 | D:6      | Killed Menkaure
  4792 | D:6      | Reached skill level 9 in Axes
  4792 | D:6      | Reached skill level 5 in Dodging
  5148 | D:7      | Found an iron altar of Okawaru.
  5149 | D:7      | Found a flagged portal.
  5220 | Bailey   | Entered a bailey
  5792 | Bailey   | Noticed an orc knight
  5811 | Bailey   | Killed an orc knight
  5811 | Bailey   | Reached skill level 10 in Axes
  5811 | Bailey   | Reached XP level 9. HP: 54/79 MP: 8/8
  5844 | Bailey   | Slain by a gnoll

Skill      XL: |  1  2  3  4  5  6  7  8 |
---------------+-------------------------+-----
Axes           | 4 5 6 7 8 10 | 10.1
Fighting       | 4 5 6 7 |  7.4
Armour         | 3 4 6 |  6.2
Dodging        | 3 4 5 |  5.9

Action                   |  1- 3 |  4- 6 |  7- 9 || total
-------------------------+-------+-------+-------++-------
Melee: Hand axe          |    80 |    54 |    90 ||   224
       Headbutt          |     9 |    20 |    26 ||    55
       War axe           |       |    66 |    85 ||   151
Invok: Berserk           |       |     1 |     1 ||     2
  Use: Scroll            |       |       |     6 ||     6
 Stab: Sleeping          |     2 |       |       ||     2
  Eat: Chunk             |       |     4 |     6 ||    10
       Ration            |       |     1 |     1 ||     2
Armor: Animal skin       |    11 |       |       ||    11
       Scale mail        |       |    48 |    39 ||    87
       Chain mail        |       |       |    63 ||    63
Dodge: Dodged            |    55 |    70 |   157 ||   282
